 Dungeon Crawl Stone Soup version 0.29-a0-551-gffc1d7fb78 (webtiles) character file.

Game seed: 11003356872559956147

71 Sabo the Chopper (level 4, 0/34 HPs)
             Began as a Demonspawn Gladiator on June 5, 2022.
             Succumbed to Sigmund's poison
             ... on level 2 of the Dungeon.
             The game lasted 00:06:58 (1826 turns).

Sabo the Chopper (Demonspawn Gladiator)             Turns: 1826, Time: 00:06:59

Health: 0/34       AC:  5    Str: 16    XL:     4   Next: 5%
Magic:  4/4        EV: 12    Int: 10    God:
Gold:   71         SH:  5    Dex: 14    Spells: 3/3 levels left

rFire   . . .      SeeInvis .   o - +2 rapier (venom)
rCold   . . .      Faith    .   (no shield)
rNeg    . . .      Spirit   .   b - +0 leather armour
rPois   .          Reflect  +   (helmet restricted)
rElec   .          Harm     .   n - +0 cloak
rCorr   .          Rampage  .   (no gloves)
Will    .....                   k - +0 pair of boots
Stlth   +.........              g - amulet of reflection
HPRegen 0.11/turn               (no ring)
MPRegen 0.09/turn               (no ring)

@: lethally poisoned (0 -> -10)
A: horns 1, demonic guardian 1
a: no special abilities


You were on level 2 of the Dungeon.
You visited 1 branch of the dungeon, and saw 2 of its levels.

You collected 71 gold pieces.

Inventory:

Hand Weapons
 a - a +0 war axe
 o - a +2 rapier of venom (weapon)
Missiles
 d - 3 throwing nets (quivered)
 e - a javelin
 f - 12 poisoned darts
Armour
 b - a +0 leather armour (worn)
 k - a +0 pair of boots (worn)
 n - a +0 cloak (worn)
Jewellery
 g - an amulet of reflection (around neck)
 j - an amulet of guardian spirit
Scrolls
 l - a scroll of identify {unknown}
Potions
 c - a potion of cancellation {unknown}
 h - a potion of flight {unknown}
 i - 2 potions of curing {unknown}
 m - 2 potions of degeneration {unknown}
 p - a potion of berserk rage {unknown}
 q - a potion of lignification {unknown}


   Skills:
 + Level 2.6 Fighting
 + Level 3.3 Axes
 + Level 1.9 Throwing
 + Level 0.9 Armour
 + Level 3.1 Dodging
 + Level 0.4 Stealth
 + Level 0.3 Shields


You had 3 spell levels left.
You didn't know any spells.
Your spell library was empty.

Dungeon Overview and Level Annotations

Branches:
Dungeon (2/15)

Altars:

Annotations:
D:2 Sigmund


Innate Abilities, Weirdness & Mutations

You have a pair of small horns on your head.
A weak demonic guardian rushes to your aid.


Message History

The adder closely misses you. Sigmund closely misses you.
There is an open door here.
You hit the adder.
The adder is heavily wounded.
The adder barely misses you. The adder closely misses you.
The adder attacks as you move away! The adder barely misses you.
Sigmund hits you but does no damage. The quokka bites you.
You hit the quokka.
The quokka is poisoned.
The quokka is moderately wounded.
The quokka barely misses you. You block Sigmund's attack.
You closely miss the quokka. You punch the quokka.
The quokka is heavily wounded.
You kill the quokka!
The adder barely misses you. Sigmund misses you.
You hit the adder but do no damage.
The adder is poisoned.
You headbutt the adder.
The adder is severely wounded.
The adder closely misses you.
You puncture the adder!
You kill the adder!
Sigmund closely misses you.
You have reached level 4!
You feel clever.
Sigmund hits you from afar with a +0 scythe of venom.
Sigmund casts a spell at you. The magic dart hits you!
Sigmund casts a spell.
Sigmund flickers and vanishes!
Deactivating autopickup; reactivate with Ctrl-A.
Something hits you!
A demonic guardian appears!
You are lethally poisoned!
You miss something.
* * * LOW HITPOINT WARNING * * *
You feel very sick.
You closely miss something.
* * * LOW HITPOINT WARNING * * *
You feel very sick. Something hits you but does no damage.
You miss something. Your headbutt misses something.
You die...

#.#.......#...)...#...
#.#.......#.......#...
#.#.......#.......#...
#.##.....###..)..###..
#(.##...## ##...## ##.
##..##'#######'#######
##...................
#...........).......
#..@5...............
####{#######+#######
#...# #.....#
#....(..# #.......#
#...(...# ##.....##
##...##


You could see a friendly quasit (summoned).

Vanquished Creatures
  2 adders (D:2)
  2 worms (D:2)
  2 dart slugs
  4 endoplasms
  A giant cockroach (D:2)
  A goblin (D:1)
  6 hobgoblins
  4 jackals (D:1)
  3 kobolds
  2 quokkas
  3 ball pythons
  2 bats
  4 frilled lizards
  7 rats
43 creatures vanquished.

Notes
Turn   | Place    | Note
-------+----------+-------------------------------------------
     0 | D:1      | Sabo the Demonspawn Gladiator began the quest for the Orb.
     0 | D:1      | Reached XP level 1. HP: 16/16 MP: 1/1
   308 | D:1      | Gained mutation: You have a pair of small horns on your
                  | head. [demonic ancestry]
   308 | D:1      | Reached XP level 2. HP: 22/22 MP: 2/2
  1064 | D:2      | Gained mutation: A weak demonic guardian rushes to your
                  | aid. [demonic ancestry]
  1064 | D:2      | Reached XP level 3. HP: 19/27 MP: 3/3
  1811 | D:2      | Noticed Sigmund
  1819 | D:2      | Reached XP level 4. HP: 33/34 MP: 4/4
  1826 | D:2      | Succumbed to Sigmund's poison

Illustrated notes

Levels and vault maps discovered:
D:1:      minmay_arrival_five_plusses, layout_rooms, minmay_curled_crystal,
          minmay_stone_trees_small
D:2:      kennysheep_six_static_rooms, layout_basic, uniq_sigmund

Skill      XL: |  1  2 |
---------------+-------+-----
Axes           | 3 |  3.3
Dodging        | 3 |  3.1
Fighting       | |  2.6
Throwing       | |  1.9
Armour         | |  0.9
Stealth        | |  0.4
Shields        | |  0.3

Action                   |  1- 3 |  4- 6 || total
-------------------------+-------+-------++-------
Melee: War axe           |    88 |       ||    88
       Headbutt          |    16 |       ||    16
       Rapier            |    25 |     3 ||    28
       Punch             |     1 |       ||     1
 Stab: Sleeping          |     1 |       ||     1
Armor: Leather armour    |    24 |     1 ||    25
Dodge: Dodged            |    93 |       ||    93
Block: Other             |    32 |       ||    32

Table legend: (Time is in decaauts)
 A = Elapsed time spent in this place.
 B = Non-inter-level travel time spent in this place.
 C = Inter-level travel time spent in this place.
 D = Time resting spent in this place.
 E = Time spent auto-exploring this place.
 F = Levels seen in this place.
 G = Mean time per level.
                   A        B        C        D        E       F      G
               +--------+--------+--------+--------+--------+-----+--------+
         Total |   1861 |   1861 |      0 |    534 |      0 |   2 |  930.5 |
       Dungeon |   1861 |   1861 |      0 |    534 |      0 |   2 |  930.5 |
               +--------+--------+--------+--------+--------+-----+--------+

Top non-repeatable levels by time:
     D:1: 1076 daAuts
     D:2: 785 daAuts
